 Dungeon Crawl Stone Soup version 0.18.1-8-gdd0e5ea (webtiles) character file.

185 juanjsm the Insei (level 5, -1/33 HPs)
             Began as an Octopode Transmuter on June 7, 2016.
             Slain by a gnoll
             ... wielding a +0 spear
              (3 damage)
             ... on level 4 of the Dungeon.
             The game lasted 00:11:35 (2603 turns).

juanjsm the Insei (Octopode Transmuter)             Turns: 2603, Time: 00:11:35

Health: -1/33      AC:  1    Str: 15    XL:     5   Next: 64%
Magic:  4/8        EV: 13    Int: 16    God:
Gold:   172        SH:  0    Dex: 14    Spells: 2 memorised, 4 levels left

rFire  . . .     SeeInvis .       - Unarmed
rCold  . . .     Gourm    .     (no shield)
rNeg   + . .     Faith    .     (helmet restricted)
rPois  .         Spirit   .     (no amulet)
rElec  .         Dismiss  .     j - ring of positive energy
rCorr  .         Reflect  .     C - ring of stealth
SustAt .         Harm     .     (no ring)
MR     .....                    (no ring)
Stlth  ++++......               (no ring)
                                (no ring)
                                (no ring)
                                (no ring)

@: mighty, appendage, very slightly contaminated, not resistant to hostile
enchantments, stealthy
A: almost no armour, amphibious, 8 rings, constrict 8, tentacle spike 3,
camouflage 1, agile 1, gelatinous body 1
a: End Transformation


You were on level 4 of the Dungeon.
You were hungry.
One of your tentacles had a temporary spike.
You visited 1 branch of the dungeon, and saw 4 of its levels.

You collected 172 gold pieces.

Inventory:

Hand Weapons
 o - a cursed -1 short sword
 D - a +2 whip of distortion
Missiles
 a - 23 arrows
 d - 32 sling bullets
 e - 67 stones (quivered)
 y - 26 poisoned needles
Armour
 t - a +0 shield
Jewellery
 j - a ring of positive energy (left tentacle)
 C - a ring of stealth (right tentacle)
Scrolls
 f - 3 scrolls of enchant armour {unknown}
 h - a scroll of immolation {unknown}
 k - 2 scrolls of amnesia {unknown}
 m - 3 scrolls of remove curse {unknown}
 n - a scroll of blinking {unknown}
 p - a scroll of random uselessness {unknown}
 r - 3 scrolls of teleportation {unknown}
 u - 2 scrolls of identify {unknown}
 v - 2 scrolls of fog {unknown}
Potions
 w - a potion of berserk rage {unknown}
 x - 2 potions of agility
 A - a potion of haste {unknown}
 B - a potion of lignification {unknown}
 F - a potion of flight {unknown}
 G - a potion of magic {unknown}
Books
 b - a book of Changes

   Spells                             Type                      Level
   a - Beastly Appendage              Transmutation                1
   b - Sticks to Snakes               Transmutation                2
   c - Spider Form                    Transmutation/Poison         3
   d - Ice Form                       Ice/Transmutation            4
   e - Blade Hands                    Transmutation                5
Comestibles
 c - 4 bread rations
 q - a royal jelly
 z - 6 fruits
 E - a meat ration


   Skills:
 - Level 1.0 Fighting
 + Level 3.3 Dodging
 + Level 1.9 Stealth
 * Level 0.8 Shields
 + Level 4.2 Unarmed Combat
 - Level 2.0 Spellcasting
 * Level 3.3 Transmutations
 + Level 0.8 Poison Magic


You had 4 spell levels left.
You knew the following spells:

 Your Spells              Type           Power        Failure   Level  Hunger
a - Beastly Appendage     Trmt           ##....       8%          1    #......
b - Spider Form           Trmt/Pois      #.........   28%         3    ###....


Dungeon Overview and Level Annotations

Branches:
Dungeon (4/15)
 Temple: D:4-7

Altars:
Gozag
Okawaru
Xom
The Shining One


Innate Abilities, Weirdness & Mutations

You cannot wear most types of armour.
You are amphibious.
You can wear up to eight rings at the same time.
You can use your tentacles to constrict eight enemies at once.
Your skin changes colour to match your surroundings (Stealth).
Your rubbery body absorbs attacks (AC +1).
One of your tentacles bears a large vicious spike.
You are agile. (Dex +2)


Message History

You miscast Spider Form.
You smell something strange.
You are feeling hungry.
The gnoll hits you from afar with a spear.
The worm bites you.
You barely miss the worm. Your grab misses the worm. You squeeze the worm.
The worm is lightly wounded.
The gnoll barely misses you.
You tentacle-slap the worm. You grab the worm.
You pierce the worm, but do no damage.
The worm is moderately wounded.
You constrict the worm. The worm bites you!
* * * LOW HITPOINT WARNING * * *
The gnoll hits you from afar with a spear.
* * * LOW HITPOINT WARNING * * *
You release your grip on the worm.
Drink which item? (? for menu, Esc to quit)
It was a potion of might.
You feel very mighty all of a sudden.
The gnoll hits you from afar with a spear.
You die...

#...[......+.......
#.........# .......
#.........# ......
#.........## ......
#..........# #+###.
##.##......# ##. ###
#.##))....# #.. ....
#.##)[....# #....#
..... #@##......#
#...##
......#w##......#
#..#
.....hg.##<.....##..#
.....g###########..#
...... .. ..... .....
.... # .... ..


You could see a worm and 2 gnolls.

Vanquished Creatures
  Blork the orc (D:4)
  An orc priest (D:4)
  4 adders
  2 oozes
  A dart slug (D:2)
  4 orcs
  A ball python (D:2)
  3 giant cockroaches
  6 goblins (D:1)
  6 hobgoblins
  3 jackals (D:2)
  6 kobolds
  A quokka (D:3)
  5 bats
  2 giant newts (D:1)
  A rat (D:1)
47 creatures vanquished.

Notes
Turn   | Place    | Note
--------------------------------------------------------------
     0 | D:1      | juanjsm the Octopode Transmuter began the quest for the Orb.
     0 | D:1      | Reached XP level 1. HP: 13/13 MP: 3/3
    71 | D:1      | Reached skill level 1 in Stealth
   100 | D:1      | Reached XP level 2. HP: 18/18 MP: 3/5
   691 | D:1      | Reached XP level 3. HP: 22/23 MP: 3/6
   696 | D:1      | Learned a level 3 spell: Spider Form
  1197 | D:3      | Found an iron altar of Okawaru.
  1461 | D:2      | Found an opulent altar of Gozag.
  1461 | D:2      | Found a shimmering altar of Xom.
  1777 | D:3      | Reached XP level 4. HP: 15/28 MP: 5/7
  1796 | D:3      | Found a glowing golden altar of the Shining One.
  2298 | D:4      | Reached skill level 4 in Unarmed Combat
  2298 | D:4      | Reached XP level 5. HP: 16/33 MP: 3/8
  2565 | D:4      | Noticed Blork the orc
  2588 | D:4      | Gained mutation: You are agile. (Dex +2) [potion of mutation]
  2589 | D:4      | HP: 1/33 [Blork the orc/short sword (1)]
  2590 | D:4      | Killed Blork the orc
  2603 | D:4      | Slain by a gnoll

Skill      XL: |  1  2  3  4  5 |
---------------+----------------+-----
Stealth        | 1 |  1.9
Dodging        | 3 |  3.3
Unarmed Combat | 4 |  4.2
Transmutations | 3 |  3.3
Fighting       | |  1.0
Shields        | |  0.8
Spellcasting   | |  2.0
Poison Magic   | |  0.8

Action                   |  1- 3 |  4- 6 || total
-------------------------+-------+-------++-------
Melee: Unarmed           |    68 |    39 ||   107
       Constrict         |    19 |     8 ||    27
       Tentacles         |    11 |     7 ||    18
       Kick              |    13 |    12 ||    25
 Cast: Beastly Appendage |    17 |    12 ||    29
       Spider Form       |     1 |     2 ||     3
  Use: Potion            |       |     7 ||     7
 Stab: Sleeping          |     3 |     3 ||     6
  Eat: Chunk             |     3 |     3 ||     6
Armor: Skin              |     5 |     1 ||     6
Dodge: Dodged            |    47 |    53 ||   100
